[Event "Tuesday Night Engine Tour 7 Rd Swiss 12m+1s Starts at 2200hrs ST"]
[Site "Infinity Chess"]
[Date "2018.1.16"]
[Round "1"]
[White "RonWeasley"]
[Black "tris77"]
[Result "1-0 "]
[ECO "B95"]
[WhiteElo "2446"]
[BlackElo "2331"]
[WhiteEngine "BrainFish 130117_CTG"]
[BlackEngine "stockfish_8_x64_popcnt_CTG"]
[EventType "Swiss"]
[WhiteTeam ""]
[BlackTeam ""]
[PlyCount "283"]
[TimeControl "720+1"]

1. e4 c5 2. Nf3 d6 3. d4 cxd4 4. Nxd4 Nf6 5. Nc3 a6 6. Bg5 e6 7. Qf3 h6 
8. Bd2 Bd7 9. Qg3 Nc6 10. Nxc6 Bxc6 11. Bd3 Rc8 12. O-O-O b5 13. a3 Nh5 
14. Qh3 Nf6 15. f4 Be7 16. Kb1 h5 17. Rhf1 Qc7 18. Rde1 Ng4 19. Re2 Kf8 
20. Qg3 Kg8 21. e5 Qd8 22. exd6 Qxd6 23. Ne4 Qb8 24. h3 Nf6 25. Bc3 Bxe4 
26. Bxe4 Rh6 27. Be5 Bd6 28. Bf3 h4 29. Qf2 Bxe5 30. fxe5 Nd7 31. Qe3 Nb6 
32. b3 Nd5 33. Bxd5 exd5 34. Rd1 Qb7 35. Qf3 Qe7 36. Rxd5 Re6 37. Qf4 Rc5 
38. Rxc5 Qxc5 39. Rd2 Qxe5 40. Rd8+ Kh7 41. Qxf7 Rf6 42. Re8 Rxf7 43. Rxe5 Rf2 
44. Rh5+ Kg8 45. Rxh4 Rxg2 46. Rf4 Kh7 47. Kb2 Kh6 48. Rf3 g5 49. Rf6+ Kg7 
50. Rxa6 Rh2 51. Rb6 Rxh3 52. Rxb5 Kf6 53. Rb6+ Kf7 54. a4 Rh8 55. a5 g4 
56. a6 g3 57. Rb4 Rg8 58. a7 g2 59. Rb8 g1=Q 60. a8=Q Rxb8 61. Qxb8 Qd4+ 
62. Ka2 Qc5 63. Qf4+ Ke7 64. Qe4+ Kd8 65. b4 Qh5 66. c3 Kc7 67. c4 Qh3 
68. b5 Qc3 69. Kb1 Qb3+ 70. Kc1 Qc3+ 71. Qc2 Qa1+ 72. Kd2 Qd4+ 73. Qd3 Qb2+ 
74. Kd1 Kb6 75. Qe3+ Kc7 76. Qd3 Kb6 77. Qe3+ Kc7 78. Qe7+ Kb6 79. Qd6+ Kb7 
80. Qc6+ Kb8 81. Qe8+ Ka7 82. Qe2 Qc3 83. Qc2 Qd4+ 84. Ke2 Kb6 85. Qd3 Qh8 
86. Qe3+ Ka5 87. Qa3+ Kb6 88. Qa6+ Kc5 89. Qc6+ Kd4 90. Qd5+ Kc3 91. b6 Qh2+ 
92. Ke3 Qg1+ 93. Ke4 Qb1+ 94. Ke5 Qxb6 95. c5 Qb8+ 96. Qd6 Qe8+ 97. Kf6 Qh8+ 
98. Ke7 Qh7+ 99. Ke8 Qg8+ 100. Kd7 Qg7+ 101. Kc6 Qa7 102. Kb5 Qb7+ 103. Qb6 Qd5 
104. Qf6+ Kc2 105. Kb6 Qb3+ 106. Kc7 Qg3+ 107. Qd6 Qg7+ 108. Kb6 Qb2+ 
109. Kc6 Qg7 110. Qf4 Kc3 111. Qc1+ Kd3 112. Qd1+ Ke4 113. Qd5+ Ke3 
114. Kb6 Qb2+ 115. Kc7 Qg7+ 116. Qd7 Qa1 117. c6 Kf4 118. Qd5 Kg3 119. Qb3+ Kg4 
120. Qb4+ Kg3 121. Kb7 Qh1 122. Qd6+ Kf2 123. Qc5+ Kg3 124. Qf5 Qd1 
125. Qg6+ Kh3 126. c7 Qf3+ 127. Qc6 Qb3+ 128. Qb6 Qf3+ 129. Ka7 Qa3+ 
130. Kb8 Qg3 131. Qh6+ Kg2 132. Kb7 Qb3+ 133. Qb6 Qf7 134. Kb8 Qf4 135. Ka7 Qf8 
136. Qc6+ Kf1 137. c8=Q Qf2+ 138. Ka8 Qa2+ 139. Q8a6+ Qxa6+ 140. Qxa6+ Kf2 
141. Kb7 Kf3 142. Qd3+ 1-0

[Event "Tuesday Night Engine Tour 7 Rd Swiss 12m+1s Starts at 2200hrs ST"]
[Site "Infinity Chess"]
[Date "2018.1.16"]
[Round "1"]
[White "OlivierEvan"]
[Black "Thor"]
[Result "1/2-1/2"]
[ECO "C26"]
[WhiteElo "2394"]
[BlackElo "2453"]
[WhiteEngine "Houdini 6"]
[BlackEngine "asmFishW_2017-11-19_bmi2"]
[EventType "Swiss"]
[WhiteTeam ""]
[BlackTeam ""]
[PlyCount "133"]
[TimeControl "720+1"]

1. e4 e5 2. Nc3 Nf6 3. g3 Nc6 4. Bg2 Bc5 5. d3 O-O 6. Nf3 Re8 7. O-O Nd4 
8. Nxd4 Bxd4 9. a4 a5 10. Nb5 Bb6 11. Na3 c6 12. Nc4 Bc7 13. Bg5 h6 
14. Bxf6 Qxf6 15. c3 d6 16. Ne3 Bb6 17. Qe2 Rb8 18. f4 Qd8 19. f5 Qg5 20. Rf3 d5 
21. h4 Qd8 22. Kh1 d4 23. Nc2 Bc7 24. Qd2 b5 25. axb5 cxb5 26. Rc1 Rb7 
27. f6 Rb6 28. fxg7 Rg6 29. Kh2 Bg4 30. Rf2 Rxg7 31. Bh3 Bxh3 32. Kxh3 Re6 
33. Rf3 Reg6 34. Rg1 Qd7+ 35. Kh2 Bd8 36. Rgf1 Rg4 37. Qf2 Be7 38. Rg1 Qd8 
39. Rg2 Qc7 40. Kh3 Qd7 41. Kh2 Qc7 42. Kh3 Bxh4 43. cxd4 Bg5 44. b4 a4 
45. dxe5 Be7 46. Rh2 Qxe5 47. Ne3 R4g5 48. Kg2 R7g6 49. Nf5 Qe6 50. Qa7 Bxb4 
51. Nxh6+ Rxh6 52. Rxh6 Qxh6 53. Qxf7+ Kh8 54. Qe8+ Rg8 55. Qe5+ Kh7 
56. Rf5 Qd2+ 57. Kh3 Bf8 58. Rh5+ Bh6 59. Qf5+ Kg7 60. Qd7+ Kh8 61. Qd6 Kh7 
62. Qd7+ Rg7 63. Qf5+ Kg8 64. Qc8+ Kh7 65. Qf5+ Kg8 66. Qc8+ Kh7 67. Qf5+ 
1/2-1/2

[Event "Tuesday Night Engine Tour 7 Rd Swiss 12m+1s Starts at 2200hrs ST"]
[Site "Infinity Chess"]
[Date "2018.1.16"]
[Round "1"]
[White "Eman"]
[Black "Seliga"]
[Result "1/2-1/2"]
[ECO "C53"]
[WhiteElo "2464"]
[BlackElo "2421"]
[WhiteEngine "Eman 1.62 64-bit POPCNT"]
[BlackEngine "SF@140118T_CTG"]
[EventType "Swiss"]
[WhiteTeam ""]
[BlackTeam ""]
[PlyCount "98"]
[TimeControl "720+1"]

1. e4 e5 2. Nf3 Nc6 3. Bc4 Bc5 4. c3 Nf6 5. d4 exd4 6. e5 d5 7. Bb5 Ne4 
8. cxd4 Bb6 9. O-O Bg4 10. a4 a5 11. Nc3 O-O 12. Bxc6 bxc6 13. h3 Bxf3 
14. Qxf3 Bxd4 15. Nxe4 dxe4 16. Qxe4 Re8 17. Qxc6 Rb8 18. Be3 Re6 19. Qc4 Rb4 
20. Qd3 Rxe5 21. Bxd4 Rxd4 22. Qc3 Red5 23. Rae1 h5 24. Qc6 Qd6 25. Qe8+ Qf8 
26. b3 g6 27. Qc6 Qd6 28. Re8+ Kh7 29. Qc3 Rc5 30. Qb2 Rf5 31. Qc3 Rc5 
32. Qb2 c6 33. Rfe1 Qf6 34. Qe2 Rc3 35. Qe7 Qxe7 36. R8xe7 Kg7 37. R7e3 Rxe3 
38. Rxe3 Rd1+ 39. Kh2 Rc1 40. Re5 c5 41. g3 Kf6 42. f4 Rc2+ 43. Kg1 Rc3 
44. Kf2 Rxb3 45. Rxc5 Rb2+ 46. Kf3 Rb3+ 47. Kf2 Rb2+ 48. Ke1 Rb1+ 49. Kf2 Rb2+ 
1/2-1/2

[Event "Tuesday Night Engine Tour 7 Rd Swiss 12m+1s Starts at 2200hrs ST"]
[Site "Infinity Chess"]
[Date "2018.1.16"]
[Round "1"]
[White "MarioDeMonti"]
[Black "SkyPilot"]
[Result "1/2-1/2"]
[ECO "C50"]
[WhiteElo "2426"]
[BlackElo "2479"]
[WhiteEngine "stockfish_x64_bmi2_2018_01_13_CTG"]
[BlackEngine "stockfish_x64_bmi2_2018_01_13_CTG"]
[EventType "Swiss"]
[WhiteTeam ""]
[BlackTeam ""]
[PlyCount "94"]
[TimeControl "720+1"]

1. e4 e5 2. Nf3 Nc6 3. Bc4 Bc5 4. O-O Nf6 5. d3 d6 6. c3 O-O 7. Nbd2 a5 8. h3 h6 
9. Re1 Be6 10. Bb5 Qb8 11. Nf1 Qa7 12. Re2 a4 13. Ng3 Qa5 14. Bxc6 bxc6 
15. Nh4 Rfe8 16. Re1 d5 17. exd5 Nxd5 18. Nhf5 Qb6 19. Qf3 Nf4 20. d4 Bf8 
21. dxe5 Ng6 22. Qh5 Ra5 23. Nd4 Bc5 24. Qd1 Rd8 25. Bd2 Raa8 26. Be3 Qxb2 
27. Ne4 Bxd4 28. cxd4 Nxe5 29. Nc5 Nc4 30. Nxe6 Nxe3 31. fxe3 fxe6 32. Qg4 Re8 
33. Qe4 e5 34. Qxc6 exd4 35. Qc4+ Kh7 36. exd4 a3 37. Kh2 Qd2 38. Rxe8 Rxe8 
39. Qxc7 Qxd4 40. Rf1 Re2 41. Rf4 Qb2 42. Rg4 Re1 43. Qd6 Qb1 44. Kg3 Qc2 
45. Kh2 Qb1 46. Kg3 Qc2 47. Kh2 Qb1 1/2-1/2

[Event "Tuesday Night Engine Tour 7 Rd Swiss 12m+1s Starts at 2200hrs ST"]
[Site "Infinity Chess"]
[Date "2018.1.16"]
[Round "1"]
[White "KULLANI"]
[Black "hafaba"]
[Result "1/2-1/2"]
[ECO "A40"]
[WhiteElo "2480"]
[BlackElo "2431"]
[WhiteEngine "BrainFish_180113_x64_CTG"]
[BlackEngine "Stockfish SL 07012018 POPCNT_CTG"]
[EventType "Swiss"]
[WhiteTeam ""]
[BlackTeam ""]
[PlyCount "93"]
[TimeControl "720+1"]

1. d4 c6 2. c4 d5 3. Nc3 Nf6 4. Nf3 e6 5. Bg5 dxc4 6. e4 b5 7. e5 h6 8. Bh4 g5 
9. Nxg5 hxg5 10. Bxg5 Nbd7 11. exf6 Qb6 12. g3 Bb7 13. Bg2 c5 14. d5 O-O-O 
15. O-O b4 16. Na4 Qa6 17. a3 Bxd5 18. Bxd5 Ne5 19. Nxc5 Bxc5 20. Qe2 exd5 
21. Qxe5 b3 22. Rae1 Qc6 23. h4 Kb7 24. Qc3 Rde8 25. Re7+ Bxe7 26. fxe7 Rhg8 
27. Re1 Rg6 28. Re3 Kc8 29. Qa5 a6 30. Qd8+ Kb7 31. Bf4 Re6 32. h5 Rxe3 
33. Bxe3 c3 34. Bc1 d4 35. h6 d3 36. bxc3 d2 37. Qxd2 Rxe7 38. h7 Re8 39. c4 Kc8 
40. Qc3 f6 41. Qa5 Qb7 42. Bf4 b2 43. Qc5+ Kd7 44. Qd6+ Kc8 45. Qc5+ Kd7 
46. Qd6+ Kc8 47. Qc5+ 1/2-1/2

[Event "Tuesday Night Engine Tour 7 Rd Swiss 12m+1s Starts at 2200hrs ST"]
[Site "Infinity Chess"]
[Date "2018.1.16"]
[Round "1"]
[White "incredible"]
[Black "angriff"]
[Result "1/2-1/2"]
[ECO "A40"]
[WhiteElo "2438"]
[BlackElo "2486"]
[WhiteEngine "Stockfish_x64_bmi2"]
[BlackEngine "Raubfisch ME262_GTZ16b1_CTG"]
[EventType "Swiss"]
[WhiteTeam ""]
[BlackTeam ""]
[PlyCount "103"]
[TimeControl "720+1"]

1. d4 c6 2. Nf3 Nf6 3. c4 d5 4. Nc3 e6 5. Bg5 dxc4 6. e4 b5 7. e5 h6 8. Bh4 g5 
9. Nxg5 hxg5 10. Bxg5 Nbd7 11. exf6 Bb7 12. g3 Qb6 13. Bg2 O-O-O 14. O-O c5 
15. d5 b4 16. Na4 Qb5 17. a3 Nb8 18. axb4 cxb4 19. Qg4 Bxd5 20. Rfc1 Nc6 
21. Bxd5 Rxd5 22. Rxc4 Rxg5 23. Qd4 Kb8 24. Rxc6 Rxg3+ 25. fxg3 Qxc6 26. Rd1 Qc7 
27. b3 Kc8 28. Qe3 Kb8 29. Qd4 Kc8 30. Qe3 Kb8 31. Qd2 Bc5+ 32. Nxc5 Qxc5+ 
33. Kf1 Qb5+ 34. Qd3 Qxd3+ 35. Rxd3 Kc7 36. Kg2 Rh6 37. h4 a5 38. Rf3 Kd6 
39. Rf1 Ke5 40. Ra1 Rxf6 41. Rxa5+ Kd4 42. g4 e5 43. h5 Rh6 44. Kg3 f6 
45. Kh4 Kc3 46. g5 fxg5+ 47. Kxg5 Rh7 48. h6 Rxh6 49. Kxh6 e4 50. Kg5 e3 
51. Ra1 Kxb3 52. Rb1+ 1/2-1/2

[Event "Tuesday Night Engine Tour 7 Rd Swiss 12m+1s Starts at 2200hrs ST"]
[Site "Infinity Chess"]
[Date "2018.1.16"]
[Round "1"]
[White "BlitzMaster"]
[Black "KhalidOmar"]
[Result "0-1"]
[ECO "C55"]
[WhiteElo "2489"]
[BlackElo "2441"]
[WhiteEngine "komodo-11.2.2-64bit"]
[BlackEngine "Eman 1.62 64-bit BMI2"]
[EventType "Swiss"]
[WhiteTeam ""]
[BlackTeam ""]
[PlyCount "266"]
[TimeControl "720+1"]

1. e4 e5 2. Nf3 Nc6 3. Bc4 Nf6 4. d3 Bc5 5. c3 a5 6. Bg5 h6 7. Bh4 g5 8. Bg3 d6 
9. Nbd2 O-O 10. O-O Kg7 11. Re1 g4 12. Bh4 gxf3 13. Qxf3 Be6 14. Rad1 Bxc4 
15. Nxc4 Qe7 16. d4 exd4 17. Qg3+ Kh7 18. Qf4 Qe6 19. Bxf6 dxc3 20. Bxc3 f5 
21. e5 d5 22. Nd2 Rad8 23. Nb3 b6 24. Nc1 Ne7 25. Bd2 Rg8 26. Nd3 Rg4 
27. Qf3 Ng6 28. Nxc5 bxc5 29. Qh3 Ne7 30. Bxa5 Rdg8 31. g3 f4 32. Qg2 c6 
33. Rd3 Ng6 34. Qf1 Rf8 35. Ra3 fxg3 36. hxg3 d4 37. Bd2 Nh4 38. Qh3 Nf3+ 
39. Rxf3 Rxf3 40. Qh5 Qf5 41. Qxf5+ Rxf5 42. Kg2 h5 43. a4 Rg8 44. b3 Kg6 
45. Bf4 Rd8 46. e6 Ra8 47. a5 Kf6 48. e7 Kf7 49. Bc7 d3 50. Bd8 Ke8 51. g4 Rd5 
52. gxh5 Rb8 53. h6 Rxb3 54. Bc7 Rg5+ 55. Bg3 d2 56. Rd1 Rd3 57. a6 Kxe7 
58. a7 Ra3 59. h7 Rh5 60. Bb8 Rxh7 61. Rxd2 Rh5 62. Re2+ Kd7 63. Re3 Ra4 
64. Re4 Ra2 65. Re2 Ra4 66. Re4 Ra2 67. Re2 Rg5+ 68. Kf3 Ra5 69. Rb2 Ra4 
70. Ke3 Rgg4 71. Rb7+ Ke6 72. Bf4 Rg1 73. Rh7 Rb1 74. Kf3 Ra3+ 75. Be3 Rba1 
76. Rh6+ Kd7 77. Ke4 Rxa7 78. Ke5 Rb7 79. Rh7+ Kc8 80. Rh8+ Kc7 81. Bxc5 Rd1 
82. Ke6 Rd7 83. f4 Rb1 84. Rh5 Rf1 85. Rf5 Rh7 86. Bd6+ Kb6 87. Bf8 Kb7 
88. Ke5 Rh8 89. Be7 Re1+ 90. Kf6 Re4 91. Kg7 Re8 92. Bc5 Rd8 93. Rf7+ Kc8 
94. f5 Rd7 95. Rxd7 Kxd7 96. Kf6 Re8 97. Ba3 Ra8 98. Bb4 Ra4 99. Be7 Ra7 
100. Bb4 Ra1 101. Bc5 Rd1 102. Bb4 Ra1 103. Bc5 Rc1 104. Bf8 Rc2 105. Ke5 Rb2 
106. Kd4 Ke8 107. Bh6 Rh2 108. Bf4 Rh1 109. Ke5 Kd7 110. Bd2 c5 111. Bc3 Rd1 
112. Ke4 Kc6 113. Ba5 Rh1 114. f6 Kd6 115. Bc3 Ke6 116. Kd3 Kd5 117. Ke2 Rh2+ 
118. Ke3 Rh3+ 119. Kd2 Rf3 120. Ba1 Ke4 121. Kc2 Rf2+ 122. Kb3 Rf1 123. Bb2 Kd3 
124. Be5 c4+ 125. Kb4 Re1 126. Bf4 c3 127. Kb3 Rb1+ 128. Ka3 Kc4 129. Ka2 Rb2+ 
130. Ka1 Kb3 131. Be5 Rf2 132. Bg3 Rf1+ 133. Be1 Rxe1# 0-1

[Event "Tuesday Night Round Robin Engine Tour 5m+1s Starts at 2200hrs ST"]
[Site "Infinity Chess"]
[Date "2018.1.24"]
[Round "13"]
[White "BraveDevil"]
[Black "KhalidOmar"]
[Result "1/2-1/2"]
[ECO "D31"]
[WhiteElo "2420"]
[BlackElo "2555"]
[WhiteEngine "Cryptic AIL V2"]
[BlackEngine "Eman 1.67 64-bit BMI2"]
[EventType "Round Robin"]
[WhiteTeam ""]
[BlackTeam ""]
[PlyCount "69"]
[TimeControl "300+1"]

1. d4 d5 2. c4 e6 3. Nc3 c6 4. e4 dxe4 5. Nxe4 Bb4+ 6. Bd2 Qxd4 7. Bxb4 Qxe4+ 
8. Be2 Na6 9. Ba5 b6 10. Qd6 Bd7 11. Bc3 f6 12. O-O-O O-O-O 13. Qa3 Kb7 
14. Bf3 Qf4+ 15. Rd2 Qc7 16. Ne2 e5 17. Rhd1 Nh6 18. Ng3 Bg4 19. Bxg4 Nxg4 
20. Ne4 Rxd2 21. Rxd2 Rd8 22. c5 Rxd2 23. Bxd2 Nxc5 24. Nxc5+ bxc5 25. Qxc5 f5 
26. Bc3 Qb6 27. Qe7+ Ka6 28. Qa3+ Kb7 29. Qe7+ Ka6 30. Qf8 Qxf2 31. Qa3+ Kb5 
32. Qb4+ Ka6 33. Qa3+ Kb5 34. Qb4+ Ka6 35. Qa3+ 1/2-1/2

[Event "Tuesday Night Round Robin Engine Tour 5m+1s Starts at 2200hrs ST"]
[Site "Infinity Chess"]
[Date "2018.1.24"]
[Round "13"]
[White "Dovahkiin"]
[Black "SkyPilot"]
[Result "1/2-1/2"]
[ECO "A00"]
[WhiteElo "2457"]
[BlackElo "2495"]
[WhiteEngine "BrainFish_180113_x64_modern_CTG"]
[BlackEngine "stockfish_x64_bmi2_2018_01_13_CTG"]
[EventType "Round Robin"]
[WhiteTeam ""]
[BlackTeam ""]
[PlyCount "177"]
[TimeControl "300+1"]

1. e3 e5 2. e4 Nf6 3. Nc3 Bc5 4. Bc4 c6 5. Nf3 d6 6. d3 O-O 7. a4 Re8 
8. O-O Nbd7 9. h3 h6 10. Be3 Bb4 11. Qb1 Nf8 12. Qa2 Re7 13. a5 Ng6 14. Qa4 Bxc3 
15. bxc3 Nh5 16. Rfe1 Re8 17. d4 exd4 18. cxd4 Rxe4 19. Bf1 Qc7 20. c4 Bd7 
21. Nd2 Re7 22. c5 d5 23. a6 bxa6 24. Qxa6 Nf6 25. Reb1 Be6 26. Qa5 Qd7 
27. Ra3 Bf5 28. Rb2 Ne4 29. Nf3 f6 30. Rab3 Ng5 31. Nxg5 fxg5 32. Qa4 Qe8 
33. Bd2 Nh4 34. Qa6 Be4 35. Kh2 Bf5 36. g3 Ng6 37. Be3 Kh7 38. Qe2 a5 
39. Ra3 Qc8 40. Qd2 Rea7 41. Rb6 Qc7 42. Kg2 a4 43. Bd3 Qc8 44. Bxf5 Qxf5 
45. Rxc6 g4 46. hxg4 Qxg4 47. Qc2 Rf7 48. Rd6 h5 49. Kf1 h4 50. gxh4 Rf5 
51. Rxa4 Raf8 52. Rxg6 Qxg6 53. Ra3 Kg8 54. Bf4 Qf6 55. Bg3 Rf3 56. Rxf3 Qxf3 
57. Kg1 Ra8 58. Qb1 Ra3 59. Kh2 Rd3 60. Qg1 Rxd4 61. c6 Rd2 62. c7 Rc2 
63. Qf1 Kf7 64. Qb1 Qf5 65. Qb7 Kf8 66. Qb6 Kg8 67. Qa7 Kf8 68. Qd4 Kf7 
69. Qe3 Kf6 70. Qb3 g6 71. Qb6+ Kg7 72. Qb7 Kf6 73. Qb6+ Kf7 74. Qa7 Ke6 
75. Qd4 Kf7 76. Qh8 Rxf2+ 77. Bxf2 Qxf2+ 78. Kh3 Qf3+ 79. Kh2 Qf2+ 80. Kh3 d4 
81. Qe5 Qf3+ 82. Qg3 Qf5+ 83. Kg2 Ke7 84. c8=Q Qxc8 85. Qg5+ Kd6 86. Qxg6+ Kd5 
87. h5 Qc3 88. h6 d3 89. Kf3 1/2-1/2

[Event "Tuesday Night Round Robin Engine Tour 5m+1s Starts at 2200hrs ST"]
[Site "Infinity Chess"]
[Date "2018.1.24"]
[Round "13"]
[White "incredible"]
[Black "Eman"]
[Result "1/2-1/2"]
[ECO "C55"]
[WhiteElo "2481"]
[BlackElo "2505"]
[WhiteEngine "stockfish_18012314_x64_bmi2"]
[BlackEngine "Eman 1.67 64-bit POPCNT"]
[EventType "Round Robin"]
[WhiteTeam ""]
[BlackTeam ""]
[PlyCount "135"]
[TimeControl "300+1"]

1. e4 e5 2. Nf3 Nc6 3. Bc4 Nf6 4. d3 Bc5 5. c3 a5 6. O-O d6 7. Nbd2 O-O 
8. Re1 Be6 9. Bb5 Ne7 10. d4 Ba7 11. h3 Ng6 12. Ba4 c6 13. Bc2 Nh5 14. Nf1 Nhf4 
15. Ng3 f6 16. Nf5 d5 17. N3h4 Qd7 18. Bd2 dxe4 19. Bxe4 exd4 20. Nxg6 Nxg6 
21. Nxd4 Bxd4 22. cxd4 Bd5 23. Bd3 f5 24. Qc2 Qd6 25. Bc4 Rfd8 26. Rac1 Qf6 
27. Qb3 Qf7 28. a4 Bxc4 29. Qxc4 Qxc4 30. Rxc4 Rd5 31. g3 Kf7 32. b4 Rad8 
33. Bc3 axb4 34. Rxb4 b5 35. Reb1 bxa4 36. Rxa4 R8d7 37. Rc4 Ne7 38. Kg2 f4 
39. g4 g5 40. Rh1 Ng6 41. Ra1 R5d6 42. Ra5 Rd5 43. Rxc6 Rxa5 44. Bxa5 Nh4+ 
45. Kf1 Rxd4 46. Rc7+ Kg6 47. Bc3 Rd6 48. Ke2 Re6+ 49. Kf1 Kh6 50. Rc5 Kg6 
51. Rb5 Rc6 52. Bb2 Nf3 53. Rb7 h5 54. Kg2 Ne1+ 55. Kf1 Nd3 56. Ke2 Nxb2 
57. Rxb2 h4 58. Kf3 Rc3+ 59. Ke4 Rxh3 60. Rb6+ Kf7 61. Kf5 Rf3 62. Kxg5 h3 
63. Rf6+ Kg7 64. Rh6 Rxf2 65. Rxh3 Kf7 66. Rh7+ Ke6 67. Rh1 Rf3 68. Re1+ 1/2-1/2

[Event "Tuesday Night Round Robin Engine Tour 5m+1s Starts at 2200hrs ST"]
[Site "Infinity Chess"]
[Date "2018.1.24"]
[Round "13"]
[White "MarioDeMonti"]
[Black "KULLANI"]
[Result "1-0"]
[ECO "C50"]
[WhiteElo "2484"]
[BlackElo "2478"]
[WhiteEngine "stockfish_x64_bmi2_2018_01_13_CTG"]
[BlackEngine "BrainFish_180113_x64_CTG"]
[EventType "Round Robin"]
[WhiteTeam ""]
[BlackTeam ""]
[PlyCount "105"]
[TimeControl "300+1"]

1. e4 e5 2. Nf3 Nc6 3. Bc4 Bc5 4. O-O Nf6 5. d3 d6 6. c3 a5 7. Re1 h6 8. h3 O-O 
9. Nbd2 Be6 10. a4 Ba7 11. b3 Nd7 12. Ra2 Qf6 13. Nf1 Qg6 14. g4 Rad8 
15. Ng3 Nc5 16. Nh4 Qh7 17. Nhf5 Bxc4 18. bxc4 Ne6 19. Rb2 Rb8 20. Nh5 Kh8 
21. Kg2 f6 22. d4 exd4 23. cxd4 Ncxd4 24. Nhxg7 Nxg7 25. Nxd4 Bxd4 26. Qxd4 Ne6 
27. Qd5 Nc5 28. Be3 b6 29. Bxc5 bxc5 30. Rb5 Rbe8 31. Re3 Qg7 32. Rb7 Re5 
33. Qd2 f5 34. exf5 Rexf5 35. f3 h5 36. Rbb3 hxg4 37. hxg4 Rf4 38. Re6 R4f7 
39. Rh6+ Kg8 40. Rh5 Re8 41. Rg5 Re2+ 42. Qxe2 Qxg5 43. Rb8+ Kg7 44. Qb2+ Qf6 
45. Qxf6+ Rxf6 46. Kg3 Re6 47. Rb7 Re7 48. Ra7 Re3 49. Rxc7+ Kf6 50. Ra7 Rc3 
51. Rxa5 Rxc4 52. Ra8 d5 53. a5 1-0

[Event "Tuesday Night Round Robin Engine Tour 5m+1s Starts at 2200hrs ST"]
[Site "Infinity Chess"]
[Date "2018.1.24"]
[Round "13"]
[White "Cepri"]
[Black "angriff"]
[Result "1/2-1/2"]
[ECO "A40"]
[WhiteElo "2461"]
[BlackElo "2419"]
[WhiteEngine "asmFishW_12J18Mb_CTG"]
[BlackEngine "Raubfisch ME262_GTZ16b2_CTG"]
[EventType "Round Robin"]
[WhiteTeam ""]
[BlackTeam ""]
[PlyCount "69"]
[TimeControl "300+1"]

1. d4 c6 2. e4 d5 3. e5 c5 4. Nf3 cxd4 5. Nxd4 Nc6 6. c4 e6 7. Nc3 Bc5 
8. Nxc6 bxc6 9. cxd5 cxd5 10. b4 Be7 11. Rb1 Bd7 12. Be3 a5 13. b5 Rc8 
14. Qg4 Bf8 15. Bd2 Nh6 16. Qf4 Bb4 17. Nd1 g5 18. Qd4 Nf5 19. Qb2 Bxd2+ 
20. Qxd2 Qc7 21. Be2 Qxe5 22. O-O h6 23. Bd3 Qd4 24. Ne3 Nxe3 25. fxe3 Qc3 
26. Qe2 Qe5 27. b6 Ke7 28. Bb5 Bxb5 29. Qxb5 Rc2 30. Qxa5 Qe4 31. Qa3+ Ke8 
32. Qa8+ Ke7 33. Qa3+ Ke8 34. Qa8+ Ke7 35. Qa3+ 1/2-1/2

[Event "Tuesday Night Round Robin Engine Tour 5m+1s Starts at 2200hrs ST"]
[Site "Infinity Chess"]
[Date "2018.1.24"]
[Round "12"]
[White "KULLANI"]
[Black "Cepri"]
[Result "1-0"]
[ECO "C55"]
[WhiteElo "2461"]
[BlackElo "2478"]
[WhiteEngine "BrainFish_180113_x64_CTG"]
[BlackEngine "asmFishW_12J18Mb_CTG"]
[EventType "Round Robin"]
[WhiteTeam ""]
[BlackTeam ""]
[PlyCount "169"]
[TimeControl "300+1"]

1. e4 e5 2. Nf3 Nc6 3. Bc4 Nf6 4. d3 Bc5 5. c3 d6 6. O-O a5 7. Re1 O-O 
8. Nbd2 h6 9. h3 Be6 10. Bb5 Qb8 11. Nf1 Qa7 12. Re2 a4 13. Ng3 Qa5 
14. Bxc6 bxc6 15. Nh4 Rfe8 16. Re1 d5 17. exd5 cxd5 18. Rxe5 Bf8 19. Qc2 c5 
20. Bd2 Nd7 21. Re2 c4 22. d4 a3 23. bxa3 Nf6 24. Nf3 Qa4 25. Qc1 Bxa3 
26. Qe1 Rab8 27. Ne5 Bb2 28. Rb1 Qxa2 29. f4 Bc8 30. f5 Rb6 31. Qf1 Re7 
32. Rbe1 Qb3 33. Qf3 Ba3 34. Rf1 Qb5 35. Nh5 Qe8 36. Re3 Ra6 37. Nxf6+ Rxf6 
38. Qh5 Bd7 39. Kh1 Qb8 40. Ref3 Rxe5 41. dxe5 Qxe5 42. Be3 Bd6 43. Bf4 Qe7 
44. Bxd6 Qxd6 45. Qh4 Ba4 46. Qf2 Kh7 47. Rf4 Qb8 48. Rd4 Qd8 49. Rd2 Bc6 
50. Kg1 Rd6 51. Qd4 Qe7 52. Rff2 Qe1+ 53. Kh2 Qe8 54. Rde2 Qb8 55. Kg1 Rf6 
56. Qe5 Qc8 57. Rf4 Qa6 58. Kh2 Qa3 59. Rff2 Qc5 60. Rf4 Qa3 61. Rd2 Bb7 
62. Rc2 Bc6 63. Re2 Qb3 64. h4 Qb1 65. Re3 Bd7 66. Rg3 Bxf5 67. h5 d4 
68. cxd4 c3 69. Rxc3 Bg4 70. Rxg4 Qf5 71. Rcg3 g6 72. hxg6+ fxg6 73. Qxf5 Rxf5 
74. Rxg6 Rf7 75. d5 h5 76. Kh3 Rf1 77. Kh4 Rh1+ 78. Kg5 Re1 79. Kxh5 Rh1+ 
80. Rh3 Rxh3+ 81. gxh3 Kh8 82. d6 Kh7 83. d7 Kh8 84. d8=Q+ Kh7 85. Qg8# 1-0

[Event "Tuesday Night Round Robin Engine Tour 5m+1s Starts at 2200hrs ST"]
[Site "Infinity Chess"]
[Date "2018.1.24"]
[Round "12"]
[White "Victorious"]
[Black "OlivierEvan"]
[Result "1-0"]
[ECO "D31"]
[WhiteElo "2517"]
[BlackElo "2504"]
[WhiteEngine "asmFishW_2017-11-19_popcnt"]
[BlackEngine "Houdini 6"]
[EventType "Round Robin"]
[WhiteTeam ""]
[BlackTeam ""]
[PlyCount "213"]
[TimeControl "300+1"]

1. d4 d5 2. c4 e6 3. Nc3 c6 4. Bf4 dxc4 5. a4 Qb6 6. Qd2 Qa5 7. Nf3 Nf6 
8. Qc1 c5 9. e3 cxd4 10. exd4 Bb4 11. Bxc4 O-O 12. O-O Nc6 13. Rd1 Nd5 
14. Ne5 Nxe5 15. Bxd5 exd5 16. dxe5 Be6 17. Be3 Rfc8 18. Bd4 Rc4 19. Qe3 Bg4 
20. f3 Bf5 21. h3 Re8 22. Kh2 f6 23. f4 fxe5 24. Bxe5 Bxc3 25. bxc3 h6 
26. Ra2 Re7 27. Qf2 Be4 28. Rd4 Rxc3 29. Bd6 Rf7 30. Bb4 Qc7 31. Bxc3 Qxc3 
32. Rd1 Qc7 33. Rf1 Bd3 34. Rd1 Be4 35. Rf1 Bd3 36. Re1 Be4 37. Qg3 Qxf4 
38. Qxf4 Rxf4 39. Rc1 Rf7 40. Rc8+ Kh7 41. a5 Rd7 42. Rd2 Kg6 43. Kg3 Re7 
44. Rf2 Kh5 45. Rcf8 Kg6 46. h4 b6 47. a6 h5 48. Rd2 b5 49. Rb8 Re6 50. Ra2 Bd3 
51. Ra5 Bc4 52. Rb7 b4 53. Rxa7 b3 54. Rb7 Bxa6 55. Rxb3 Bc4 56. Rf3 Re4 
57. Rc5 Re7 58. Rc6+ Kh7 59. Rf5 g6 60. Rf3 Kg7 61. Rd6 Ra7 62. Re3 Ba2 
63. Re5 Kh6 64. Re8 Bb1 65. Rxd5 Ra3+ 66. Kh2 Ra4 67. g3 Kg7 68. Rd7+ Kf6 
69. Rd6+ Kf7 70. Rc8 Ra7 71. Rdc6 Be4 72. R6c7+ Rxc7 73. Rxc7+ Ke6 74. Kg1 Ke5 
75. Kf2 Kd4 76. Re7 Bc6 77. g4 Kd5 78. gxh5 gxh5 79. Kg3 Ba4 80. Ra7 Bb5 
81. Kf2 Kd6 82. Ra5 Be8 83. Ke3 Bf7 84. Rg5 Ke7 85. Kf4 Ke6 86. Rc5 Kf6 
87. Ra5 Be8 88. Ra6+ Ke7 89. Kg5 Bf7 90. Ra3 Be8 91. Re3+ Kd7 92. Kf6 Kd8 
93. Re5 Kd7 94. Re7+ Kd8 95. Rh7 Kc8 96. Rh8 Kd7 97. Rg8 Kd8 98. Ke6 Kc8 
99. Kd6 Kd8 100. Rh8 Kc8 101. Rxe8+ Kb7 102. Kd7 Kb6 103. Re5 Kb7 104. Re6 Kb8 
105. Kc6 Ka7 106. Re8 Ka6 107. Ra8# 1-0